 Dungeon Crawl Stone Soup version 0.31-a0-234-gad7ace16ef (webtiles) character file.

Game seed: 13977456841369212440

584 Morbidden the Insei (level 7, 47/59 HPs)
             Began as a White Draconian Monk on July 10, 2023.
             Was a Believer of Cheibriados.
             Quit the game on level 5 of the Dungeon.
             The game lasted 00:05:05 (3909 turns).

Morbidden the Insei (White Draconian Monk)          Turns: 3909, Time: 00:05:05

Health: 47/59      AC:  7    Str: 18    XL:     7   Next: 14%
Magic:  7/10       EV: 14    Int: 18    God:    Cheibriados [**....]
Gold:   161        SH:  0    Dex: 18    Spells: 6/10 levels left

rFire   . .          .
                       - Unarmed
rCold   + . .        b - orb {light}
rNeg    . . .        (body armour unavailable)
rPois   .            (helmet restricted)
rElec   .            j - +0 cloak
rCorr   .            (no gloves)
SInv    .            (no boots)
Will    .....        h - amulet of guardian spirit
Stlth   +            (no ring)
HPRegen 0.29/turn    (no ring)
MPRegen 0.12/turn

%: guardian spirit
@: glowing, very slow
A: breathe frost, AC +6, unfitting armour, cold resistance 1, cold-blooded
a: Breathe Frost, Renounce Religion, Bend Time


You were on level 5 of the Dungeon.
You worshipped Cheibriados.
Cheibriados was pleased with you.
You visited 2 branches of the dungeon, and saw 6 of its levels.

You collected 161 gold pieces.

Inventory:

Missiles
 e - 4 poisoned darts (quivered)
 i - 3 curare-tipped darts
Armour
 b - an orb of light (worn)
 j - a +0 cloak (worn)
Jewellery
 h - an amulet of guardian spirit (around neck)
Wands
 m - a wand of flame (21)
 u - a wand of mindburst (10)
Scrolls
 a - a scroll of fog {unknown}
 d - 3 scrolls of teleportation {unknown}
 f - 4 scrolls of identify {unknown}
 l - 2 scrolls of amnesia {unknown}
 r - a scroll of immolation {unknown}
 t - a scroll of noise {unknown}
Potions
 c - a potion of curing {unknown}
 g - a potion of ambrosia
 k - a potion of brilliance {unknown}
 n - a potion of invisibility {unknown}
 o - a potion of enlightenment {unknown}
 p - a potion of resistance {unknown}
 q - a potion of cancellation {unknown}
 s - a potion of heal wounds {unknown}


   Skills:
 * Level 4.0 Fighting
 * Level 1.7 Throwing
 * Level 4.1 Dodging
 + Level 0.3 Stealth
 * Level 5.2 Unarmed Combat
 * Level 2.1 Spellcasting
 * Level 1.7 Necromancy
 * Level 1.4 Invocations
 * Level 1.5 Evocations


You had 6 spell levels left.
You knew the following spells:

 Your Spells              Type           Power      Damage    Failure   Level
a - Necrotise             Necr           32%        1d5       9%          1
b - Vampiric Draining     Necr           8%         2d6       26%         3

Your spell library contained the following spells:

 Spells                   Type           Power      Damage    Failure   Level
 Apportation              Tloc           2%         N/A       19%         1
 Slow                     Hex            4%         N/A       19%         1
 Summon Small Mammal      Summ           4%         N/A       19%         1
 Ensorcelled Hibernation  Hex/Ice        2%         N/A       26%         2
 Confusing Touch          Hex            1%         N/A       47%         3
 Inner Flame              Hex/Fire       1%         N/A       47%         3
 Spider Form              Tmut/Pois      1%         N/A       47%         3
 Anguish                  Hex/Necr       2%         N/A       77%         4
 Flame Wave               Conj/Fire      1%         2d4       87%         4
 Sticky Flame             Conj/Fire      1%         2d3       87%         4


Dungeon Overview and Level Annotations

Branches:
Dungeon (5/15)             Temple (1/1) D:4

Altars:
Cheibriados
Elyvilon
Gozag
Hepliaklqana
Makhleb
Nemelex Xobeh
Okawaru
Qazlal
Sif Muna
Trog
Vehumet
Wu Jian
Xom
Yredelemnul
Zin
The Shining One


Innate Abilities, Weirdness & Mutations

You can breathe waves of freezing cold which knock back foes.
Your icy white scales are hard. (AC +6)
You cannot fit into any form of body armour.
Your flesh is cold resistant. (rC+)
You are cold-blooded and may be slowed by cold attacks.


Message History

You have got your breath back.
A gnoll comes into view. It is wielding a +0 whip.
A gnoll is nearby!
A gnoll is nearby!
A gnoll is nearby!
A gnoll is nearby!
The gnoll shouts!
The gnoll barely misses you. The gnoll hits you but does no damage.
You barely miss the gnoll. The gnoll hits you with a +0 whip.
You hit the gnoll.
The gnoll is lightly wounded.
The gnoll hits you with a +0 whip.
You hit the gnoll. You tail-slap the gnoll.
The gnoll is moderately wounded.
The gnoll completely misses you.
You barely miss the gnoll.
The gnoll is moderately wounded.
The gnoll barely misses you.
You hit the gnoll.
The gnoll is moderately wounded.
The gnoll hits you but does no damage.
You hit the gnoll. You tail-slap the gnoll.
The gnoll is almost dead.
The gnoll barely misses you.
You barely miss the gnoll.
The gnoll is almost dead.
The gnoll closely misses you.
You punch the gnoll!
You kill the gnoll!
Cheibriados appreciates the change of pace.
No target in view!
No target in view!
No target in view!
No target in view!
No target in view!
No target in view!
No target in view!
No target in view!
Unknown command.
Are you sure you want to abandon this character and quit the game? (Confirm with "yes".)

#O...# #.......÷## #....#
##........## #....#
#....).....## .....#
#...........#####
.g.(..#####..........>....#
...((((.÷...)<............#
.............................
.#######.................##
###..@.....#........
##.)..##.#........
##.#..#.#.[......
#............... .........
.......## .......# #.......#


There were no monsters in sight!

Vanquished Creatures
  An ice beast (D:4)
  An ogre (D:5)
  A phantom (D:5)
  A scorpion (D:4)
  A jelly (D:4)
  A gnoll bouda (D:4)
  2 iguanas
  A sleepcap (D:4)
  3 gnolls
  7 adders
  2 worms
  An orc (D:4)
  5 ball pythons
  2 bats
  5 endoplasms
  A giant cockroach (D:1)
  2 goblins
  8 hobgoblins
  4 jackals
  3 quokkas
  3 frilled lizards
  7 kobolds
  5 rats
67 creatures vanquished.

Notes
Turn   | Place    | Note
-------+----------+-------------------------------------------
     0 | D:1      | Morbidden the Draconian Monk began the quest for the Orb.
     0 | D:1      | Reached XP level 1. HP: 19/19 MP: 1/1
   296 | D:1      | Reached XP level 2. HP: 26/26 MP: 2/2
   918 | D:2      | Reached XP level 3. HP: 26/31 MP: 4/4
  1137 | D:2      | Learned a level 1 spell: Necrotise
  1819 | D:3      | Reached XP level 4. HP: 37/38 MP: 5/5
  1905 | D:3      | Reached skill level 1 in Throwing
  2306 | D:4      | Reached skill level 1 in Spellcasting
  2397 | D:4      | Found a staircase to the Ecumenical Temple.
  2401 | D:4      | Reached skill level 4 in Unarmed Combat
  2409 | Temple   | Entered the Ecumenical Temple
  2491 | Temple   | Became a worshipper of Cheibriados the Contemplative
  2491 | Temple   | Reached * piety under Cheibriados
  2491 | Temple   | Reached ** piety under Cheibriados
  2598 | D:4      | Learned a level 3 spell: Vampiric Draining
  2809 | D:4      | Reached XP level 5. HP: 45/45 MP: 5/7
  3249 | D:5      | Entered Level 5 of the Dungeon
  3249 | D:5      | Noticed an ice beast
  3316 | D:5      | Noticed an ogre
  3407 | D:4      | Killed an ice beast
  3408 | D:4      | Reached skill level 1 in Necromancy
  3408 | D:4      | Reached XP level 6. HP: 22/52 MP: 4/8
  3523 | D:5      | Reached skill level 1 in Invocations
  3523 | D:5      | Reached skill level 1 in Evocations
  3687 | D:4      | Reached skill level 5 in Unarmed Combat
  3864 | D:5      | Your scales start taking on an icy white colour.
  3864 | D:5      | Reached XP level 7. HP: 39/59 MP: 4/10
  3864 | D:5      | Gained mutation: Your flesh is cold resistant. (rC+) [White
                  | Draconian growth]
  3909 | D:5      | Quit the game

Illustrated notes

Levels and vault maps discovered:
D:1:      eino_arrival_cavern_d, layout_basic, minmay_splitting_lines
D:2:      layout_loops_cross, skrybe_limestone_x
D:3:      wander_river, layout_loops_ring
D:4:      layout_basic, minmay_temple_entry_junction_2
D:5:      layout_rooms, dreamdust_wishing_well, grunt_tough_drop
Temple:   compressed_dpeg_triangle_lava_temple

Skill      XL: |  1  2  3  4  5  6 |
---------------+-------------------+-----
Dodging        | 3 4 |  4.1
Throwing       | 1 |  1.7
Spellcasting   | 1 2 |  2.1
Unarmed Combat | 4 5 |  5.2
Necromancy     | 1 |  1.7
Invocations    | 1 |  1.4
Evocations     | 1 |  1.5
Fighting       | 4 |  4.0
Stealth        | |  0.3

Action                     |  1- 3 |  4- 6 |  7- 9 || total
---------------------------+-------+-------+-------++-------
  Melee: Unarmed           |   113 |   130 |     8 ||   251
         Tailslap          |    11 |    17 |     2 ||    30
  Throw: Dart              |       |     6 |       ||     6
   Cast: Necrotise         |     1 |    10 |       ||    11
Ability: Breathe Frost     |       |       |     1 ||     1
  Evoke: Wand              |       |    15 |       ||    15
 Armour: Skin              |    40 |    32 |     2 ||    74
  Dodge: Dodged            |    76 |   108 |     5 ||   189

Table legend: (Time is in decaauts)
 A = Elapsed time spent in this place.
 B = Non-inter-level travel time spent in this place.
 C = Inter-level travel time spent in this place.
 D = Time resting spent in this place.
 E = Time spent auto-exploring this place.
 F = Levels seen in this place.
 G = Mean time per level.
                   A        B        C        D        E       F      G
               +--------+--------+--------+--------+--------+-----+--------+
         Total |   4288 |   3981 |    307 |    659 |   2693 |   6 |  714.7 |
       Dungeon |   4180 |   3892 |    288 |    659 |   2625 |   5 |  836.0 |
        Temple |    107 |     88 |     19 |      0 |     68 |   1 |  107.0 |
               +--------+--------+--------+--------+--------+-----+--------+

Top non-repeatable levels by time:
     D:4: 1688 daAuts
     D:3: 857 daAuts
     D:2: 779 daAuts
     D:1: 681 daAuts
     D:5: 173 daAuts
  Temple: 107 daAuts
